 Dungeon Crawl Stone Soup version 0.18.1-48-g4cf74bf (webtiles) character file.

319 Alarkh the Shooter (level 6, -2/44 HPs)
             Began as a Mummy Hunter on Aug 12, 2016.
             Was an Initiate of Gozag.
             Slain by a gnoll
             ... wielding a +0 flail
              (7 damage)
             ... on level 4 of the Dungeon.
             The game lasted 00:06:12 (4183 turns).

Alarkh the Shooter (Mummy Hunter)                   Turns: 4183, Time: 00:06:12

Health: -2/44      AC:  3    Str: 16    XL:     6   Next: 21%
Magic:  6/6        EV: 11    Int: 12    God:    Gozag
Gold:   498        SH:  0    Dex: 12    Spells: 0 memorised, 5 levels left

rFire  x . .     SeeInvis .     b - +0 trident
rCold  + . .     Gourm    .     c - +0 leather armour
rNeg   + + +     Faith    .     (no shield)
rPois  ∞         Spirit   .     (no helmet)
rElec  .         Dismiss  .     (no cloak)
rCorr  .         Reflect  .     (no gloves)
SustAt .         Harm     .     (no boots)
MR     .....                    (no amulet)
Stlth  +.........               (no ring)
                                (no ring)

@: gold aura, not resistant to hostile enchantments, very unstealthy
A: no food or potions, fire vulnerability, cold resistance 1, negative energy
resistance 3, torment resistance, unbreathing
a: Potion Petition, Call Merchant, Bribe Branch, Renounce Religion


You were on level 4 of the Dungeon.
You worshipped Gozag.
Gozag was noncommittal.
You were not hungry.

You visited 1 branch of the dungeon, and saw 4 of its levels.

You collected 529 gold pieces.
You paid 31 gold pieces to Gozag.

Inventory:

Hand Weapons
 a - a +1 shortbow
 b - a +0 trident (weapon)
Missiles
 d - 4 arrows
Armour
 c - a +0 leather armour (worn)
 n - the +0 shield of Honesty {rPois rF++ Regen+ Slay-5}
   (You found it on level 4 of the Dungeon)

   It affects your accuracy and damage with ranged weapons and melee attacks
   (-5).
   It greatly protects you from fire.
   It protects you from poison.
   It increases your rate of regeneration.
Scrolls
 f - a scroll of recharging
 g - a scroll of enchant armour
 h - a scroll of fog
 i - 3 scrolls of fear
 j - 3 scrolls of magic mapping {unknown}
 k - 2 scrolls of teleportation {unknown}
 m - a scroll of noise {unknown}
 o - a scroll of random uselessness {unknown}
Books
 l - a book of Transfigurations

   Spells                             Type                      Level
   a - Irradiate                      Conjuration/Transmutation    5
   b - Statue Form                    Transmutation/Earth          6
   c - Hydra Form                     Transmutation                6
   d - Dragon Form                    Transmutation                7


   Skills:
 - Level 2.0 Fighting
 + Level 6.2 Bows
 - Level 1.5 Dodging
 - Level 0.7 Stealth


You had 5 spell levels left.
You didn't know any spells.

Dungeon Overview and Level Annotations

Branches:
Dungeon (4/15)
 Temple: D:4-7

Altars:
Gozag
The Shining One


Innate Abilities, Weirdness & Mutations

You do not eat or drink.
Your flesh is vulnerable to fire.
You are immune to poison.
Your flesh is cold resistant.
You are immune to negative energy.
You are immune to unholy pain and torment.
You can survive without breathing.


Message History

The gnoll hits you with a flail!
You are too injured to fight recklessly!
You are too injured to fight recklessly!
You are too injured to fight recklessly!
You barely miss the gnoll.
The gnoll is severely wounded.
The gnoll hits you with a flail!
* * * LOW HITPOINT WARNING * * *
You barely miss the gnoll.
The gnoll is severely wounded.
The gnoll closely misses you.
You closely miss the gnoll.
The gnoll is severely wounded.
The gnoll barely misses you. The gnoll hits you with a flail.
* * * LOW HITPOINT WARNING * * *
You barely miss the gnoll.
The gnoll is heavily wounded.
The gnoll hits you with a flail!
You die...
Your body crumbles into a pile of gold.

#(.#.. #!.#..
#..'.. #####
+##. #+##..
#...##+#....
#.. #..!#.....
#.. ##'#..# ##.
#.)g..# #.
#..#@.# #.
#####.# #.
#...).#### #.
#..)#(#..# #. $
##'##.)..# .
###.
.%.#.)####....
#...
#..o#.)........
#P..
#...##'#..#####
###.
+.%.#%.#..+ #.


You could see a gnoll.

Vanquished Creatures
  A scorpion (D:4)
  A hound (D:4)
  Jessica (D:2)
  A worker ant (D:4)
  6 adders
  A howler monkey skeleton (D:4)
  2 gnolls (D:4)
  An ooze (D:2)
  4 worms (D:2)
  2 dart slugs
  3 giant geckos
  6 orcs
  2 giant cockroaches
  10 hobgoblins
  6 jackals
  8 kobolds
  2 quokkas
  10 bats
  A giant newt (D:2)
  10 goblins
  4 rats
82 creatures vanquished.

Notes
Turn   | Place    | Note
--------------------------------------------------------------
     0 | D:1      | Alarkh the Mummy Hunter began the quest for the Orb.
     0 | D:1      | Reached XP level 1. HP: 16/16 MP: 1/1
   192 | D:1      | Reached XP level 2. HP: 22/22 MP: 2/2
   965 | D:2      | Noticed Jessica
   985 | D:2      | Reached skill level 4 in Bows
   992 | D:2      | Killed Jessica
   992 | D:2      | Reached XP level 3. HP: 24/27 MP: 3/3
  1151 | D:2      | Reached XP level 4. HP: 33/33 MP: 4/4
  1310 | D:2      | Found an opulent altar of Gozag.
  1310 | D:2      | Found a glowing golden altar of the Shining One.
  1505 | D:2      | Became a worshipper of Gozag Ym Sagoz the Greedy
  1634 | D:2      | Reached skill level 5 in Bows
  2453 | D:3      | Reached XP level 5. HP: 16/38 MP: 5/5
  3294 | D:4      | Reached skill level 6 in Bows
  3332 | D:4      | Reached XP level 6. HP: 13/44 MP: 6/6
  3722 | D:4      | Got a bloodstained shield
  3728 | D:4      | Identified the cursed +0 shield of Honesty {rPois rF++ Regen+ Slay-5} (You found it on level 4 of the Dungeon)
  4183 | D:4      | Slain by a gnoll

Skill      XL: |  1  2  3  4  5 |
---------------+----------------+-----
Bows           | 4 5 6 |  6.2
Fighting       | |  2.0
Dodging        | |  1.5
Stealth        | |  0.7

Action                   |  1- 3 |  4- 6 || total
-------------------------+-------+-------++-------
Melee: Short sword       |    62 |     9 ||    71
       Trident           |       |   219 ||   219
 Fire: Shortbow          |    35 |    60 ||    95
  Use: Scroll            |       |     6 ||     6
 Stab: Sleeping          |     1 |     2 ||     3
       Distracted        |       |     1 ||     1
Armor: Leather armour    |    22 |    64 ||    86
Dodge: Dodged            |    55 |   196 ||   251
